 Dungeon Crawl Stone Soup version 0.20.1-1-g8b1a95d (webtiles) character file.

1212 letownia2 the Reanimator (level 8, -1/68 HPs)
             Began as a Deep Dwarf Necromancer on Nov 7, 2017.
             Was an Initiate of Gozag.
             Killed from afar by an orc wizard (7 damage)
             ... with a puff of frost
             ... on level 6 of the Dungeon.
             The game lasted 00:10:20 (3519 turns).

letownia2 the Reanimator (Deep Dwarf Necromancer)   Turns: 3519, Time: 00:10:21

Health: -1/68      AC:  5    Str: 17    XL:     8   Next: 22%
Magic:  13/14      EV: 11    Int: 18    God:    Gozag
Gold:   33         SH:  0    Dex: 13    Spells: 11/15 levels left

rFire    . . .     SeeInvis .   a - +0 war axe
rCold    . . .     Gourm    .   (no shield)
rNeg     . . .     Faith    .   w - +0 ring mail
rPois    +         Spirit   .   (no helmet)
rElec    .         Reflect  .   (no cloak)
rCorr    .         Harm     .   (no gloves)
MR       +....                  (no boots)
Stlth    +.........             (no amulet)
Regen    0.0/turn               q - ring of poison resistance
MPRegen  0.2/turn               (no ring)

@: mighty, gold aura, berserk cooldown, non-regenerating, slowed, very slow
A: damage resistance, heal wounds, sense surroundings 1, no regeneration
a: Heal Wounds, Potion Petition, Call Merchant, Bribe Branch, Renounce Religion


You were on level 6 of the Dungeon.
You worshipped Gozag.
Gozag was noncommittal.
You were not hungry.

You visited 2 branches of the dungeon, and saw 7 of its levels.

You collected 85 gold pieces.
You paid 52 gold pieces to Gozag.

Inventory:

Hand Weapons
 a - a +0 war axe (weapon)
 d - a +0 shortbow of flaming
 k - a cursed -3 hand axe
 v - a +0 long sword of slicing
Missiles
 y - 20 arrows
Armour
 s - a +0 leather armour of positive energy
 w - a +0 ring mail (worn)
Jewellery
 p - an uncursed amulet of magic regeneration {unknown}
 q - a ring of poison resistance (left hand)
Wands
 o - a wand of acid (5/15)
 t - a wand of iceblast (7/15)
Scrolls
 i - 3 scrolls of remove curse {unknown}
 j - a scroll of recharging {unknown}
 n - a scroll of enchant armour {unknown}
 x - 4 scrolls of identify
Potions
 f - a potion of berserk rage
 g - a potion of magic {unknown}
 h - 2 potions of curing {unknown}
 l - a potion of resistance {unknown}
 m - 2 potions of heal wounds {unknown}
 r - a potion of flight {unknown}
 z - a potion of haste {unknown}
Books
 b - a book of Necromancy

   Spells                             Type                      Level
   a - Pain                           Necromancy                   1
   b - Animate Skeleton               Necromancy                   1
   c - Vampiric Draining              Necromancy                   3
   d - Regeneration                   Charms/Necromancy            3
   e - Animate Dead                   Necromancy                   4
   f - Control Undead                 Necromancy                   4
Comestibles
 c - a bread ration
 u - a royal jelly


   Skills:
 - Level 2.6 Fighting
 - Level 3.4 Armour
 - Level 2.1 Dodging
 - Level 2.4 Stealth
 + Level 4.4 Spellcasting
 + Level 9.0 Necromancy


You had 11 spell levels left.
You knew the following spells:

 Your Spells              Type           Power        Failure   Level  Hunger
a - Pain                  Necr           ####         1%          1    None
v - Vampiric Draining     Necr           #####.....   1%          3    ###....


Dungeon Overview and Level Annotations

Branches:
Dungeon (6/15)             Temple (1/1) D:6

Altars:
Ashenzari
Cheibriados
Dithmenos
Elyvilon
Gozag
Kikubaaqudgha
Makhleb
Nemelex Xobeh
Okawaru
Qazlal
Sif Muna
Trog
Vehumet
Zin

Annotations:
D:4 Edmund


Innate Abilities, Weirdness & Mutations

You are resistant to damage.
You can heal yourself by infusing magical energy.
You passively map a small area around you.
You do not regenerate.


Message History

Your Necromancy skill increases to level 9!
You feel a bit more experienced.
The orc wizard is distracted by the nearby gold.
Unknown command.
You catch the helpless orc wizard completely off-guard!
You hit the orc wizard.
The orc wizard is no longer distracted by gold.
The orc wizard is heavily wounded.
The orc wizard gestures at you while chanting.
The puff of frost hits you!
* * * LOW HITPOINT WARNING * * *
You closely miss the orc wizard.
The orc wizard is heavily wounded.
You are no longer berserk.
You are exhausted.
You feel yourself slow down.
The orc wizard gestures at you while chanting.
The puff of frost hits you!
You die...
Your body crumbles into a pile of gold.

#..#.....?.#.# #.###
####.....?......###...
..[..#...>.?.#...#..#
,..Z............#.#..## #
o###.#.......#...#.... ...
#..................
#..###.#.#.#.#.#......(.
#.....$o.........#(.._8_
#.....$@.####...........
########## ###.##.#..?. ,
#.##.#)### #......#
############# *#....###
#.....<..)..# *#.###.#####
,#.......)#..###.. #.#....
#.......###......###......
..........#..#####.........


You could see an orc wizard.

Vanquished Creatures
  Grinder (D:5)
  Eustachio (D:5)
  A water moccasin (D:5)
  A sky beast (D:5)
  2 centaurs (D:5)
  A scorpion (D:4)
  A jelly (D:5)
  An orc priest (D:5)
  A gnoll shaman (D:3)
  5 orc wizards
  A bullfrog skeleton (D:5)
  2 iguanas
  2 worker ants
  4 gnolls
  2 adders
  An ooze (D:4)
  2 adder skeletons
  A worm (D:4)
  3 leopard geckos
  7 orcs
  3 ball pythons
  A giant cockroach (D:1)
  2 goblins
  A hobgoblin (D:1)
  6 jackals (D:5)
  2 bats
  2 frilled lizards
  2 kobolds
  A leopard gecko skeleton (D:5)
  5 rats
65 creatures vanquished.

Notes
Turn   | Place    | Note
-------+----------+-------------------------------------------
     0 | D:1      | letownia2 the Deep Dwarf Necromancer began the quest for the Orb.
     0 | D:1      | Reached XP level 1. HP: 15/15 MP: 3/3
   217 | D:1      | Reached XP level 2. HP: 22/22 MP: 1/5
   822 | D:3      | Reached skill level 5 in Necromancy
   822 | D:3      | Reached XP level 3. HP: 21/28 MP: 0/6
   827 | D:3      | Learned a level 3 spell: Vampiric Draining
  1032 | D:3      | Reached XP level 4. HP: 29/36 MP: 0/8
  1365 | D:4      | Found a stormy altar of Qazlal.
  1415 | D:4      | Noticed Edmund
  1657 | D:4      | Reached skill level 6 in Necromancy
  1657 | D:4      | Reached XP level 5. HP: 35/42 MP: 3/9
  1798 | D:4      | Noticed a phantom
  2084 | D:4      | Found a shattered altar of Ashenzari.
  2190 | D:5      | Entered Level 5 of the Dungeon
  2243 | D:5      | Noticed Eustachio
  2259 | D:5      | Reached skill level 7 in Necromancy
  2329 | D:5      | Killed Eustachio
  2329 | D:5      | Reached XP level 6. HP: 42/49 MP: 1/10
  2420 | D:5      | Reached skill level 8 in Necromancy
  2624 | D:5      | Noticed a sky beast
  2653 | D:5      | Killed a sky beast
  2653 | D:5      | Reached XP level 7. HP: 18/55 MP: 4/11
  2841 | D:5      | Reached skill level 1 in Armour
  3031 | D:5      | Reached skill level 1 in Fighting
  3116 | D:5      | Noticed Grinder
  3334 | D:5      | Killed Grinder
  3334 | D:5      | Reached XP level 8. HP: 23/68 MP: 10/14
  3448 | D:6      | Found a bloodstained altar of Trog.
  3448 | D:6      | Found a deep blue altar of Sif Muna.
  3457 | D:6      | Found a staircase to the Ecumenical Temple.
  3466 | Temple   | Entered the Ecumenical Temple
  3480 | Temple   | Became a worshipper of Gozag Ym Sagoz the Greedy
  3517 | D:6      | Reached skill level 9 in Necromancy
  3519 | D:6      | Killed from afar by an orc wizard

Skill      XL: |  1  2  3  4  5  6  7  8 |
---------------+-------------------------+-----
Spellcasting   | 2 3 4 |  4.4
Necromancy     | 5 6 7 8 9 |  9.0
Armour         | 3 |  3.4
Fighting       | 2 |  2.6
Dodging        | |  2.1
Stealth        | |  2.4

Action                   |  1- 3 |  4- 6 |  7- 9 || total
-------------------------+-------+-------+-------++-------
Melee: Unarmed           |     1 |       |       ||     1
       War axe           |       |    19 |    50 ||    69
 Cast: Pain              |    49 |    52 |     3 ||   104
       Vampiric Draining |     2 |    15 |    19 ||    36
Evoke: Wand              |       |       |     2 ||     2
  Use: Scroll            |       |       |     2 ||     2
       Potion            |       |       |     2 ||     2
 Stab: Distracted        |       |       |     1 ||     1
  Eat: Chunk             |     1 |     6 |     5 ||    12
Armor: Robe              |     2 |       |       ||     2
       Ring mail         |       |    18 |    27 ||    45
Dodge: Dodged            |    12 |    25 |    40 ||    77
